 Dungeon Crawl Stone Soup version 0.28.0-45-g0d030f2227 (webtiles) character file.

Game seed: 9087150039261946080

77 pkoi the Magician (level 3, -6/27 HPs)
             Began as a Demigod Hedge Wizard on Apr 5, 2022.
             Killed by divine providence
             ... invoked by an orc priest
              (11 damage)
             ... on level 3 of the Dungeon.
             The game lasted 00:03:03 (2933 turns).

pkoi the Magician (Demigod Hedge Wizard)            Turns: 2933, Time: 00:03:04

Health: -6/27      AC:  2    Str: 11    XL:     3   Next: 92%
Magic:  4/10       EV: 12    Int: 20    God:
Gold:   102        SH:  0    Dex: 13    Spells: 0/8 levels left

rFire   . . .      SeeInvis +   a - +1 dagger
rCold   . . .      Faith    .   (no shield)
rNeg    . . .      Spirit   .   b - +0 robe
rPois   +          Reflect  .   c - +0 hat
rElec   .          Harm     .   (no cloak)
rCorr   .          Rampage  .   (no gloves)
Will    .....                   (no boots)
Stlth   ++........              (no amulet)
HPRegen 0.09/turn               d - ring of see invisible
MPRegen 0.12/turn               e - ring of poison resistance

@: no status effects
A: high MP 1, forlorn, divine attributes
a: no special abilities


You were on level 3 of the Dungeon.
You visited 1 branch of the dungeon, and saw 3 of its levels.

You collected 102 gold pieces.

Inventory:

Hand Weapons
 a - a +1 dagger (weapon)
Armour
 b - a +0 robe (worn)
 c - a +0 hat (worn)
Jewellery
 d - a ring of see invisible (left hand)
 e - a ring of poison resistance (right hand)
Scrolls
 f - a scroll of identify
 g - 2 scrolls of blinking
Potions
 i - 2 potions of mutation


   Skills:
 + Level 0.5 Fighting
 + Level 2.1 Dodging
 - Level 1.7 Stealth
 + Level 3.2 Spellcasting
 + Level 2.1 Conjurations
 + Level 1.3 Summonings
 + Level 1.3 Translocations


You couldn't memorise any spells.
You knew the following spells:

 Your Spells              Type           Power      Damage    Failure   Level
a - Magic Dart            Conj           44%        1d5       6%          1
b - Call Imp              Summ           8%         N/A       12%         2
c - Blink                 Tloc           16%        N/A       12%         2
d - Conjure Flame         Conj/Fire      7%         6-21      26%         3

Your spell library contained the following spells:

 Spells                   Type           Power      Damage    Failure   Level
 Slow                     Hex            12%        N/A       14%         1
 Mephitic Cloud           Conj/Pois/Air  6%         N/A       30%         3


Dungeon Overview and Level Annotations

Branches:
Dungeon (3/15)

Annotations:
D:3 Grinder


Innate Abilities, Weirdness & Mutations

You have an increased reservoir of magic. (+10% MP)
You shall have no god before yourself.
Your divine heritage dramatically boosts your attributes as you level up.


Message History

It was a scroll of blinking.
Your magical contamination has completely faded away.
Found 23 stones.
As you read the scroll labelled VUOT IDAUTOECY, it crumbles to dust.
Your body is wracked with pain!
* * * LOW HITPOINT WARNING * * *
The orc convulses!
The orc priest convulses!
It was a scroll of torment.
The orc priest looks satisfied for a moment.
As you read the scroll labelled YHOMUU SUNOUFI, it crumbles to dust.
It is a scroll of enchant weapon.
Your +0 dagger glows red for a moment.
Aiming: Magic Dart (safe; 6% risk of failure)
Press: ? - help, Q - select action, (/) - cycle Shift-Dir - straight line, f - orc
Aim: an orc, wielding a +0 flail of protection and wearing a +0 ring mail (moderately wounded, 100% to hit)
The magic dart hits the orc but does no damage.
The orc is moderately wounded.
The orc completely misses you.
You see here 23 stones.
The orc priest miscasts a cantrip.
The orc priest calls upon Beogh to heal the orc.
The orc's wounds heal themselves!
Aiming: Magic Dart (safe; 6% risk of failure)
Press: ? - help, Q - select action, (/) - cycle Shift-Dir - straight line, f/p - orc
Aim: an orc, wielding a +0 flail of protection and wearing a +0 ring mail (100% to hit)
The magic dart hits the orc but does no damage.
The orc barely misses you.
Aiming: Magic Dart (safe; 6% risk of failure)
Press: ? - help, Q - select action, (/) - cycle Shift-Dir - straight line, f/p - orc
Aim: an orc, wielding a +0 flail of protection and wearing a +0 ring mail (100% to hit)
The magic dart hits the orc but does no damage.
The orc hits you with a +0 flail of protection.
* * * LOW HITPOINT WARNING * * *
A kobold comes into view. It is wielding a +0 short sword.
The kobold shouts!
The kobold throws a stone.
The stone hits you.
* * * LOW HITPOINT WARNING * * *
The kobold throws a stone.
The stone closely misses you.
The orc priest mumbles some strange prayers to Beogh against you.
Beogh smites you!
You die...

...# .....# .....#
.....# # ###
###.....#
#⌠###8###8#.....#
#........K.....#
#...@.o........#
#..######o###########
#8. #..o.o.(..... ##
#.########### #.# #.#
#.# #.# #.#


You could see an orc priest, an orc and a kobold.

Vanquished Creatures
  2 adders (D:2)
  5 dart slugs
  7 bats
  3 endoplasms (D:1)
  A giant cockroach (D:1)
  3 hobgoblins
  3 jackals (D:3)
  3 quokkas
  3 ball pythons
  A frilled lizard (D:3)
  7 goblins
  2 kobolds
  6 rats
46 creatures vanquished.

Notes
Turn   | Place    | Note
-------+----------+-------------------------------------------
     0 | D:1      | pkoi the Demigod Hedge Wizard began the quest for the Orb.
     0 | D:1      | Reached XP level 1. HP: 14/14 MP: 6/6
    28 | D:1      | Reached skill level 1 in Conjurations
   283 | D:1      | Reached skill level 3 in Spellcasting
   283 | D:1      | Reached XP level 2. HP: 20/20 MP: 5/8
   646 | D:1      | Learned a level 2 spell: Call Imp
   767 | D:1      | Reached skill level 1 in Summonings
  1196 | D:2      | Reached skill level 1 in Translocations
  1347 | D:2      | Reached XP level 3. HP: 22/26 MP: 1/10
  1418 | D:2      | Learned a level 2 spell: Blink
  1422 | D:2      | Learned a level 3 spell: Conjure Flame
  2857 | D:3      | Noticed Grinder
  2933 | D:3      | Killed from afar by an orc priest

Illustrated notes

Levels and vault maps discovered:
D:1:      amcnicky_arrival_gap_in_the_tavern_cellar, layout_rooms,
          hellmonk_ecumenical_altar_run_dry
D:2:      layout_basic
D:3:      gammafunk_wand_slinger, layout_basic, lemuel_tele_altar,
          serial_corexii_hall, corexii_hall_statues_s,
          chequers_hall_statues_corner_a, uniq_grinder

Skill      XL: |  1  2  3 |
---------------+----------+-----
Conjurations   | 1 2 |  2.1
Spellcasting   | 3 |  3.2
Summonings     | 1 |  1.3
Translocations | 1 |  1.3
Dodging        | 2 |  2.1
Fighting       | |  0.5
Stealth        | |  1.7

Action                   || total
-------------------------++-------
Melee: Dagger            ||     7
 Cast: Magic Dart        ||   133
       Call Imp          ||     1
  Use: Scroll            ||     4
Armor: Robe              ||     2
Dodge: Dodged            ||    23
